 Dungeon Crawl Stone Soup version 0.30-a0-1163-gf69bf04e7a (webtiles) character file.

Game seed: 12766384564932731286

54362 kae the Alchemist (level 14, -6/166 HPs)
             Began as a Merfolk Transmuter on Apr 28, 2023.
             Was a Believer of Ru.
             Mangled by a quicksilver ooze (8 damage)
             ... while paralysed by a great orb of eyes
             ... on level 5 of the Lair of Beasts.
             The game lasted 00:26:57 (19882 turns).

kae the Alchemist (Merfolk Transmuter)             Turns: 19882, Time: 00:26:57

Health: -6/166     AC: 20    Str: 20    XL:     14   Next: 72%
Magic:  0/25       EV:  1    Int: 17    God:    Ru [**....]
Gold:   675        SH:  0    Dex: 15    Spells: 11/33 levels left

rFire   + +          .
                       - Unarmed
rCold   x . .        (shield currently unavailable)
rNeg    . . .        a - melded +0 robe
rPois   +            (helmet currently unavailable)
rElec   .            h - melded +1 cloak
rCorr   .            (gloves currently unavailable)
SInv    .            Q - melded +2 pair of boots {Fly}
Will    +....        u - amulet of magic regeneration
Stlth   +            O - +4 ring of protection
HPRegen 0.47/turn    E - +5 ring of evasion
MPRegen 0.59/turn

%: no passive effects
@: paralysed, dragon-form, engulfed (cannot breathe), wereblooded, flying
A: dragon claw, dragon scales, breathe fire, flying, boosted hp, giant, low MP
1, hated by all, (nimble swimmer 2), (mertail)
a: Breathe Fire, End Transformation, Renounce Religion


You were on level 5 of the Lair of Beasts.
You worshipped Ru.
Ru was pleased with you.
You were a fearsome dragon!
You visited 2 branches of the dungeon, and saw 16 of its levels.
You also visited: Bailey.

You collected 1099 gold pieces.
You spent 424 gold pieces at shops.


Innate Abilities, Weirdness & Mutations

You are a fearsome dragon!
You have a powerful clawing attack.
Your giant scaled body is strong and resiliant, but less evasive.
You can breathe fire.
You are flying.
Your maximum health is greatly increased.
Your armour is entirely melded.
You are incapable of wielding weapons or throwing items.
Your magical capacity is low. (-10% MP)
You are hated by all.
((You are very nimble when in or above water. (Stealth+, EV+, Speed+++)))
((Your lower body shifts to a powerful aquatic tail in water.))


   Skills:
 * Level 10.9 Fighting
 * Level 13.0 Dodging
 + Level 14.2 Unarmed Combat
 - Level 10.0 Spellcasting
 + Level 16.4 Transmutations
 - Level 6.0 Ice Magic
 - Level 2.0 Poison Magic


You had 11 spell levels left.
You knew the following spells:

 Your Spells              Type           Power      Damage    Failure   Level
a - Dragon Form           Tmut           29%        N/A       9%          7
b - Wereblood             Tmut           59%        N/A       0%          2
c - Spider Form           Tmut/Pois      39%        N/A       1%          3
d - Ice Form              Ice/Tmut       46%        N/A       1%          4
e - Blade Hands           Tmut           29%        N/A       1%          5
f - Beastly Appendage     Tmut           100%       N/A       0%          1

Your spell library contained the following spells:

 Spells                   Type           Power      Damage    Failure   Level
 Magic Dart               Conj           32%        1d4       9%          1
 Irradiate                Conj/Tmut      18%        3d17      9%          5
 Blink                    Tloc           16%        N/A       13%         2
 Lesser Beckoning         Tloc           16%        N/A       13%         2
 Momentum Strike          Conj/Tloc      16%        3d8       13%         2
 Searing Ray              Conj           16%        2d5       13%         2
 Gell's Gravitas          Tloc           8%         N/A       26%         3
 Stone Arrow              Conj/Erth      16%        3d8       26%         3
 Teleport Other           Tloc           8%         N/A       26%         3
 Anguish                  Hex/Necr       4%         N/A       63%         4
 Cause Fear               Hex            4%         N/A       63%         4
 Fulminant Prism          Conj/Hex       4%         3d5       63%         4
 Passage of Golubria      Tloc           8%         N/A       63%         4
 Silence                  Hex/Air        4%         N/A       93%         5
 Enfeeble                 Hex            4%         N/A       100%        7
 Lehudib's Crystal Spear  Conj/Erth      4%         10d3      100%        8
 Animate Armour           Summ/Erth      Unusable   N/A       N/A         4
 Malign Gateway           Summ/Tloc      Unusable   N/A       N/A         7
 Summon Horrible Things   Summ           Unusable   N/A       N/A         8

Inventory:

Missiles
 x - 7 poisoned darts
 y - 24 stones
Armour
 a - a +0 robe (melded)
 h - a +1 cloak (melded)
   (You found it on level 2 of the Dungeon)
 Q - a +2 pair of boots of flying (melded)
   (You found it in a bailey)
Jewellery
 u - an amulet of magic regeneration (around neck)
   (You found it on level 3 of the Dungeon)
 E - a +5 ring of evasion (right foreclaw)
   (You found it on level 3 of the Dungeon)
 F - a ring of fire
   (You found it on level 2 of the Dungeon)
 L - a ring of flight
   (You found it on level 9 of the Dungeon)
 N - a ring of positive energy
   (You found it on level 3 of the Lair of Beasts)
 O - a +4 ring of protection (left foreclaw)
   (You found it on level 2 of the Dungeon)
 P - a ring of poison resistance
   (You found it on level 8 of the Dungeon)
 R - a ring of resist corrosion
   (You found it on level 11 of the Dungeon)
Wands
 d - a wand of polymorph (2)
   (You found it on level 3 of the Lair of Beasts)
 g - a wand of flame (15)
   (You found it on level 9 of the Dungeon)
 A - a wand of digging (7)
   (You found it on level 4 of the Lair of Beasts)
 C - a wand of charming (12)
   (You found it on level 5 of the Dungeon)
 H - a wand of roots (5)
   (You found it on level 5 of the Lair of Beasts)
 W - a wand of acid (2)
   (You found it on level 2 of the Lair of Beasts)
Scrolls
 i - 5 scrolls of enchant armour
 l - 3 scrolls of vulnerability {!r!r}
 n - 3 scrolls of blinking {!r}
 p - 2 scrolls of fog
 r - 5 scrolls of enchant weapon
 s - 2 scrolls of summoning
 w - 9 scrolls of teleportation {@r4}
 B - 3 scrolls of amnesia
 J - 2 scrolls of fear
 K - 2 scrolls of brand weapon
 S - a scroll of magic mapping {!r}
 U - 10 scrolls of identify {@r1}
 Y - a scroll of torment {!r}
Potions
 b - 9 potions of lignification {!q}
 c - 3 potions of heal wounds {@q2}
 e - 3 potions of mutation {!q}
 j - 6 potions of haste {@q3}
 k - a potion of brilliance
 m - 6 potions of flight
 o - 5 potions of degeneration {!q}
 q - 5 potions of berserk rage {!q}
 t - 4 potions of curing {@q1}
 v - 4 potions of ambrosia
 z - 5 potions of might
 D - 6 potions of attraction {!q}
 G - 4 potions of invisibility
 V - a potion of cancellation
Miscellaneous
 f - a piece from Xom's chessboard (15/15)
   (You found it on level 3 of the Lair of Beasts)
 Z - a phantom mirror
   (You found it on level 9 of the Dungeon)

Dungeon Overview and Level Annotations

Branches:
Dungeon (11/15) Zot: 25523  Temple (0/1) D:6            Lair (5/5) D:11 Zot: 23927
  Swamp (0/4) Lair:3       Spider (0/4) Lair:2        Slime (0/5) Lair:4
    Orc (0/2) D:10         Bailey (visited)

Altars:
Cheibriados
Kikubaaqudgha
Okawaru
Ru
Sif Muna
Trog
Vehumet
Xom

Shops:
D:1 *   D:6 !   D:10 *(*?([

Annotations:
D:3 Dowan, Duvessa
D:7 2 transporters
D:9 3 runed translucent doors, makewrite's ghost, journeyman HOFi; snipermoke's ghost, novice DgFi; stickyfingers's ghost, novice AtRe

##...##..######.....### #.
#...##...#....#.......# ##
#....###.#J.. #.......### #
#...#†...#JJJ #.........# #
#....##.##JJ #.........# #
##...######JJ #........## #
#....# #.#G# #.........###
#....# ##.GJ## #.......####.
##..#####..#D.#
###......#... #.###
#......## ##.P#......# ###
##.......####..##......#
##..........#####......##
###............######......
#.##............#...#......
#...................#......
#..........................
##.#..................).....


You could see 2 great orbs of eyes, an enormous slime creature, a slime
creature, a quicksilver ooze (corona) and 6 jellies.


Message History

The ooze engulfing you falls away.
You gasp with relief as air once again reaches your lungs.
The jelly quivers.
A jelly comes into view.
A large slime creature comes into view. 😕 HP[+1] Unknown command.
The jelly quivers.
You hit the azure jelly.
The azure jelly hits you but does no damage.
The azure jelly hits you. The azure jelly freezes you!!!
You feel a terrible chill!
* * * LOW HITPOINT WARNING * * *
The azure jelly completely misses you. The azure jelly barely misses you.
The jelly closely misses you.
A quicksilver ooze comes into view. 😨 HP[-63]
You take 63 damage, and now have 82/166 hp.
MASSIVE DAMAGE!! (PAUSE)
You bite the azure jelly!! You tail-slap the azure jelly.
The azure jelly hits you but does no damage. x2
The azure jelly completely misses you.
The azure jelly hits you but does no damage.
The jelly is stunned by your conviction and fails to attack.
The jelly jiggles.
Unknown command.
You maul the azure jelly!!!
You kill the azure jelly! 😨 HP[+1]
You maul the jelly!!!
You kill the jelly!
A large slime creature merges with something you can't see.
Casting: Wereblood (safe; 0% risk of failure)
Confirm with . or Enter, or press ? or * to list all spells.
You extend your transformation's duration. 😮 HP[+1] MP[-6]
You lost 6 mp, and now have 19/25 mp.
Casting: Dragon Form (dangerous; 9% risk of failure)
Confirm with . or Enter, or press ? or * to list all spells.
Your blood is infused with primal strength.
The great orb of eyes closely misses you. 😮 HP[+1] MP[-1]
You lost 1 mp, and now have 18/25 mp.
You bite the acid blob!!
Your foreclaws burn!
* * * LOW HITPOINT WARNING * * *
The acid blob closely misses you. 😨 HP[-2] MP[+1]
You take 2 damage, and now have 83/166 hp.
You claw the acid blob!
Your foreclaws burn!
* * * LOW HITPOINT WARNING * * *
The acid blob hits you but does no damage. 😨 HP[-2]
You take 2 damage, and now have 81/166 hp.
Unknown command.
You maul the acid blob!!!
Your foreclaws burn!
* * * LOW HITPOINT WARNING * * *
You tail-slap the acid blob, but do no damage.
You bite the acid blob.
You feel a bit better.
You kill the acid blob!
The great orb of eyes gazes at you.
You suddenly lose the ability to move!
Your Dodging skill increases to level 13!
The quicksilver ooze hits you!!
* * * LOW HITPOINT WARNING * * *
The quicksilver ooze engulfs you!
You focus your inner power and illuminate the quicksilver ooze in retribution!
The quicksilver ooze hits you but does no damage.
Two slime creatures merge to form an enormous slime creature.
The great orb of eyes gazes at you.
You shrug off the repeated paralysis!
A large slime creature splits.
* * * LOW HITPOINT WARNING * * *
Your lungs strain for air!
The quicksilver ooze hits you.
* * * LOW HITPOINT WARNING * * *
The quicksilver ooze hits you but does no damage.
The great orb of eyes bites you but does no damage.
The quicksilver ooze hits you!
* * * LOW HITPOINT WARNING * * *
The quicksilver ooze hits you but does no damage.
* * * LOW HITPOINT WARNING * * *
Your lungs strain for air!
The quicksilver ooze hits you.
* * * LOW HITPOINT WARNING * * *
The quicksilver ooze hits you.
* * * LOW HITPOINT WARNING * * *
You feel your power leaking away. The great orb of eyes bites you!
* * * LOW HITPOINT WARNING * * *
* * * LOW HITPOINT WARNING * * *
Your lungs strain for air!
The quicksilver ooze hits you!
* * * LOW HITPOINT WARNING * * *
The quicksilver ooze hits you.
* * * LOW HITPOINT WARNING * * *
You feel your power leaking away.
The great orb of eyes bites you but does no damage.
The quicksilver ooze hits you!
* * * LOW HITPOINT WARNING * * *
The quicksilver ooze hits you!
You die...

Skill      XL: |  1  2  3  4  5  6  7  8  9 10 11 12 13 14 |
---------------+-------------------------------------------+-----
Transmutations | 3 4 5 6 7 9 11 13 14 15 16 | 16.4
Poison Magic   | 1 2 |  2.0
Unarmed Combat | 4 5 6 8 10 11 12 13 14 | 14.2
Spellcasting   | 3 4 5 6 8 9 10 | 10.0
Ice Magic      | 1 3 4 6 |  6.0
Dodging        | 7 11 13 | 13.0
Fighting       | 6 9 10 | 10.9

Action                     |  1- 3 |  4- 6 |  7- 9 | 10-12 | 13-15 || total
---------------------------+-------+-------+-------+-------+-------++-------
  Melee: Unarmed           |    72 |   171 |   208 |   511 |   285 ||  1247
         Headbutt          |     8 |     4 |       |       |       ||    12
         Punch             |     1 |     1 |       |     6 |    20 ||    28
         Tailslap          |       |       |       |    15 |    48 ||    63
         Bite              |       |       |       |    13 |    30 ||    43
   Cast: Beastly Appendage |    15 |    17 |       |       |       ||    32
         Spider Form       |       |    23 |     7 |       |       ||    30
         Wereblood         |       |     2 |    10 |    19 |    22 ||    53
         Ice Form          |       |     3 |    30 |    34 |     2 ||    69
         Dragon Form       |       |       |       |    11 |    27 ||    38
         Blade Hands       |       |       |       |     1 |       ||     1
 Invoke: Sacrifice Essence |       |       |     1 |       |       ||     1
         Reject Sacrifices |       |       |       |     2 |       ||     2
         Sacrifice Love    |       |       |       |       |     1 ||     1
Ability: Breathe Fire      |       |       |       |     1 |     2 ||     3
         End Transformatio |       |       |       |     1 |       ||     1
    Use: Potion            |     1 |       |       |       |       ||     1
         Scroll            |       |     4 |     7 |    14 |     1 ||    26
   Stab: Sleeping          |     1 |     1 |       |       |     1 ||     3
         Petrified         |       |       |       |       |    18 ||    18
 Armour: Robe              |    18 |    24 |     2 |     6 |     2 ||    52
         Skin              |     7 |    18 |    45 |   198 |   143 ||   411
  Dodge: Dodged            |    46 |   150 |   124 |   443 |   248 ||  1011

Levels and vault maps discovered:
D:1:      matt_arrival_grand_opening, layout_basic, serial_shops, shop,
          ebering_ecumenical_altar_webs, dreamdust_princess_bridge
D:2:      layout_basic, kennysheep_generic_room_11
D:3:      layout_basic, minmay_overflow_temple_star_quad, uniq_robin
D:4:      layout_cave_pods, lemuel_round_altar, kennysheep_little_box,
          serial_co_window_serial, co_window_paths_b, co_window_paths_a,
          co_window_paths_a, co_window_of_opportunity_a, co_window_paths_a,
          co_window_broadway_a, co_window_broadway_b, co_window_corner_b,
          co_window_corner_cb, glass_columns_a, uniq_duvessa
D:5:      layout_loops_ring, gammafunk_temple_overflow_pools, st_stairs_12
D:6:      corexii_shack_village, layout_basic, minmay_temple_entry_mist,
          dk_vineyard_2, nicolae_inconvenience_store, kennysheep_minor_cross,
          serial_bayou_lagoon_a, nicolae_figureground_pulse, uniq_pikel,
          uniq_grinder, uniq_menkaure
D:7:      gammafunk_cloud_chamber, layout_loops_ring,
          nicolae_overflow_hidden_temple
D:8:      layout_cave_pods, chequers_big_river
D:9:      layout_cave_pods, gammafunk_ghost_cemetery,
          nicolae_figureground_sparkle
D:10:     layout_long_grid, grunt_temple_overflow_open, orc_david_3,
          serial_shops, nicolae_square_shop, shop, shop, shop, shop,
          enter_bailey_6, grunt_ministairs_14, abandoned_shop, moated_statue,
          st_stairs_10, kennysheep_generic_room_2, uniq_erica
D:11:     cheibrodos_magma_flow, layout_basic
Lair:1:   layout_regular_city, beast_lair_carwin_7
Lair:2:   layout_gridlike, spider_nest_entry_web_field
Lair:3:   layout_roguey, nicolae_swamp_entry_splash_gauntlet
Lair:4:   dragon1_lemuel, layout_long_grid, slime_entry_1,
          amcnicky_mini_pool_medium
Lair:5:   grunt_lair_end_beastmaster, layout_cave_pods, special_room
          [special_room_jelly]

Notes
Turn   | Place    | Note
-------+----------+-------------------------------------------
     0 | D:1      | kae the Merfolk Transmuter began the quest for the Orb.
     0 | D:1      | Reached XP level 1. HP: 15/15 MP: 3/3
     0 | D:1      | magus.rc [v1.11.3]
   142 | D:1      | Reached skill level 3 in Transmutations
   142 | D:1      | Reached XP level 2. HP: 13/21 MP: 3/5
   195 | D:1      | Found Kosch's Assorted Antiques.
   295 | D:1      | Reached skill level 1 in Poison Magic
   502 | D:1      | Found a faded altar of an unknown god.
   687 | D:1      | Reached XP level 3. HP: 23/26 MP: 6/6
   690 | D:1      | Learned a level 2 spell: Wereblood
   694 | D:1      | Learned a level 3 spell: Spider Form
   784 | D:2      | Noticed a phantom
   794 | D:2      | Killed a phantom
   795 | D:2      | Reached skill level 4 in Unarmed Combat
   795 | D:2      | Reached skill level 2 in Poison Magic
   795 | D:2      | Reached XP level 4. HP: 32/32 MP: 6/8
   888 | D:2      | Reached skill level 4 in Transmutations
  1046 | D:2      | Reached XP level 5. HP: 37/37 MP: 5/9
  1827 | D:1      | Bought a blue potion for 16 gold pieces
  1827 | D:1      | Bought a viscous ruby potion for 16 gold pieces
  1827 | D:1      | Bought a scroll labelled MUQONIFURIAV for 18 gold pieces
  1827 | D:1      | Bought a clear potion for 16 gold pieces
  1827 | D:1      | Bought a scroll labelled LYTOZU TAVAMOO for 18 gold pieces
  1827 | D:1      | Bought 2 white potions for 32 gold pieces
  2168 | D:3      | Identified the +4 ring mail of Voumeant {Harm rC- Regen+}
  2245 | D:3      | Reached skill level 3 in Spellcasting
  2299 | D:3      | Learned a level 4 spell: Ice Form
  2329 | D:3      | Noticed Robin
  2344 | D:3      | Killed Robin
  2392 | D:3      | You pick up a book of Displacement and begin reading...
  2392 | D:3      | You add the spells Lesser Beckoning, Gell's Gravitas and
                  | Teleport Other to your library.
  2437 | D:3      | Found a snail-covered altar of Cheibriados.
  2442 | D:3      | Found an iron altar of Okawaru.
  2458 | D:3      | Found a basalt altar of Yredelemnul.
  2565 | D:3      | Reached skill level 1 in Ice Magic
  2568 | D:3      | Reached XP level 6. HP: 33/43 MP: 6/10
  2792 | D:4      | Reached skill level 2 in Ice Magic
  2860 | D:4      | Found a shimmering altar of Xom.
  2890 | D:4      | Noticed Dowan
  2891 | D:4      | Noticed Duvessa
  3019 | D:4      | HP: 12/51 [Dowan/+2 dagger of venom (1)]
  3264 | D:4      | Found a bloodstained altar of Trog.
  3829 | D:4      | Reached skill level 5 in Transmutations
  4150 | D:5      | Entered Level 5 of the Dungeon
  4200 | D:5      | Reached skill level 5 in Unarmed Combat
  4225 | D:5      | Reached skill level 3 in Ice Magic
  4225 | D:5      | Reached XP level 7. HP: 48/48 MP: 12/12
  4295 | D:5      | Found a sacrificial altar of Ru.
  4296 | D:5      | Found a radiant altar of Vehumet.
  4302 | D:5      | Became a worshipper of Ru the Awakened
  4578 | D:5      | Reached skill level 4 in Ice Magic
  4768 | D:5      | Reached skill level 4 in Spellcasting
  4801 | D:5      | Reached skill level 6 in Transmutations
  5153 | D:6      | Reached XP level 8. HP: 23/54 MP: 14/14
  5416 | D:6      | Reached skill level 5 in Ice Magic
  5603 | D:6      | Noticed Pikel
  5612 | D:6      | Killed Pikel
  5613 | D:6      | Reached skill level 6 in Unarmed Combat
  5613 | D:6      | Reached skill level 7 in Transmutations
  5613 | D:6      | Reached skill level 6 in Ice Magic
  5677 | D:6      | Found Ceyxzib's Distillery.
  5703 | D:6      | Reached skill level 5 in Spellcasting
  5827 | D:6      | Reached XP level 9. HP: 59/59 MP: 14/16
  5827 | D:6      | Gained mutation: Your magical capacity is low. (-10% MP)
                  | [Ru sacrifice]
  5863 | D:6      | Bought a potion of might for 56 gold pieces
  5983 | D:6      | Reached skill level 7 in Unarmed Combat
  6066 | D:6      | Noticed Menkaure
  6072 | D:6      | Noticed a troll
  6072 | D:6      | HP: 13/70 [Menkaure/nerve-wracking pain (7)]
  6074 | D:6      | Killed Menkaure
  6263 | D:6      | Killed a troll
  6264 | D:6      | Reached skill level 8 in Transmutations
  6438 | D:6      | Noticed Grinder
  6532 | D:6      | Killed Grinder
  6658 | D:6      | Found a staircase to the Ecumenical Temple.
  6860 | D:6      | Reached skill level 6 in Spellcasting
  7054 | D:7      | Reached skill level 8 in Unarmed Combat
  7089 | D:7      | Reached skill level 9 in Transmutations
  7199 | D:7      | Found a transporter.
  7301 | D:7      | HP: 13/70 [something (5)]
  7480 | D:7      | Found a transporter.
  7997 | D:8      | Reached XP level 10. HP: 63/65 MP: 13/18
  8214 | D:8      | Reached skill level 7 in Spellcasting
  8215 | D:8      | Reached skill level 10 in Transmutations
  8410 | D:8      | Reached skill level 9 in Unarmed Combat
  8876 | D:8      | Found the +6 shillelagh "Devastator" {shatter}
 10062 | D:9      | Reached skill level 11 in Transmutations
 10075 | D:9      | HP: 17/78 [killer bee (5)]
 10085 | D:9      | HP: 13/78 [killer bee (6)]
 10317 | D:9      | Found a runed translucent gate.
 10317 | D:9      | Found a runed translucent gate.
 10318 | D:9      | Found a runed translucent gate.
 10343 | D:9      | Noticed stickyfingers's ghost (novice AtRe)
 10343 | D:9      | Noticed snipermoke's ghost (novice DgFi)
 10343 | D:9      | Noticed makewrite's ghost (journeyman HOFi)
 10526 | D:10     | Entered Level 10 of the Dungeon
 10547 | D:10     | Reached skill level 10 in Unarmed Combat
 10548 | D:10     | Reached skill level 8 in Spellcasting
 10549 | D:10     | Noticed a cyclops
 10555 | D:10     | Noticed Erica
 10683 | D:10     | You pick up a book of Spatial Translocations and begin
                  | reading...
 10683 | D:10     | You add the spells Blink and Momentum Strike to your
                  | library.
 10695 | D:10     | Found Cuoshrig's Weapon Boutique.
 10790 | D:10     | Reached XP level 11. HP: 53/70 MP: 19/20
 10809 | D:10     | Reached skill level 12 in Transmutations
 10854 | D:10     | Found a flagged portal.
 10864 | Bailey   | Entered a bailey
 11369 | D:10     | Identified the +8 whip of the Eternal Void {drain, *Corrode
                  | rC++ MP+9 Int+4}
 11399 | D:10     | Killed Erica
 11631 | D:10     | Noticed an orc knight
 11641 | D:10     | Killed an orc knight
 11748 | D:10     | Found Cimalent's Weapon Shop.
 11755 | D:10     | Killed a cyclops
 11756 | D:10     | Reached skill level 11 in Unarmed Combat
 11756 | D:10     | Found a staircase to the Orcish Mines.
 11868 | D:10     | Found Xemofog's Armour Emporium.
 11874 | D:10     | Found an ancient bone altar of Kikubaaqudgha.
 11877 | D:10     | Found a shimmering blue altar of Sif Muna.
 11928 | D:10     | Found Bemoreurch's Magic Scroll Shop.
 11946 | D:10     | Reached skill level 9 in Spellcasting
 11947 | D:10     | Bought a scroll of magic mapping for 90 gold pieces
 11947 | D:10     | Bought a scroll of summoning for 114 gold pieces
 11947 | D:10     | Bought a scroll of identify for 24 gold pieces
 11947 | D:10     | Bought a scroll of identify for 24 gold pieces
 11947 | D:10     | Identified a scroll of acquirement
 11949 | D:10     | Acquired a book of Transfigurations
 11950 | D:10     | You pick up a book of Transfigurations and begin reading...
 11950 | D:10     | You add the spells Irradiate, Blade Hands and Dragon Form
                  | to your library.
 11957 | D:10     | Learned a level 5 spell: Blade Hands
 11965 | D:10     | Learned a level 7 spell: Dragon Form
 12064 | D:10     | Found Effaedur's General Store.
 12117 | D:10     | Found Ytoidgh's General Store.
 12445 | D:11     | Reached skill level 13 in Transmutations
 12449 | D:11     | Noticed a two-headed ogre
 12455 | D:11     | Killed a two-headed ogre
 12599 | D:11     | Found a staircase to the Lair.
 13053 | D:11     | Noticed a two-headed ogre
 13059 | D:11     | Killed a two-headed ogre
 13060 | D:11     | Reached XP level 12. HP: 76/76 MP: 18/23
 13145 | D:11     | Reached skill level 12 in Unarmed Combat
 13165 | D:11     | You pick up a book of Hexes and begin reading...
 13165 | D:11     | You add the spells Anguish, Cause Fear and Enfeeble to your
                  | library.
 13213 | D:11     | Reached skill level 10 in Spellcasting
 13387 | D:11     | Reached skill level 14 in Transmutations
 13779 | Lair:1   | Entered Level 1 of the Lair of Beasts
 13814 | Lair:1   | Reached skill level 3 in Dodging
 13862 | Lair:1   | Reached skill level 2 in Fighting
 14082 | Lair:1   | Reached skill level 4 in Dodging
 14191 | Lair:1   | Reached skill level 3 in Fighting
 14248 | Lair:1   | Reached skill level 5 in Dodging
 14644 | Lair:2   | Noticed a death yak
 14644 | Lair:2   | Noticed a death yak
 14644 | Lair:2   | Noticed a death yak
 14646 | Lair:2   | Noticed a death yak
 14647 | Lair:2   | Noticed a death yak
 14650 | Lair:2   | Noticed a death yak
 14651 | Lair:2   | Killed a death yak
 14652 | Lair:2   | Reached skill level 4 in Fighting
 14659 | Lair:1   | Killed a death yak
 14660 | Lair:1   | Reached skill level 6 in Dodging
 14661 | Lair:1   | Killed a death yak
 14831 | Lair:2   | Reached skill level 5 in Fighting
 14886 | Lair:2   | Killed a death yak
 14887 | Lair:2   | Reached skill level 7 in Dodging
 14889 | Lair:2   | Killed a death yak
 14893 | Lair:2   | Killed a death yak
 14894 | Lair:2   | Reached skill level 6 in Fighting
 14894 | Lair:2   | Reached XP level 13. HP: 58/93 MP: 24/24
 15096 | Lair:2   | Found a hole to the Spider Nest.
 15311 | Lair:2   | Reached skill level 8 in Dodging
 15421 | Lair:2   | Identified the +0 leather armour of Disguise {rC+}
 15473 | Lair:2   | Reached skill level 13 in Unarmed Combat
 15855 | Lair:3   | Reached skill level 15 in Transmutations
 15857 | Lair:3   | Reached skill level 7 in Fighting
 15865 | Lair:2   | HP: 20/144 [bog body (22)]
 15872 | Lair:2   | Reached skill level 9 in Dodging
 16938 | Lair:3   | Found a staircase to the Swamp.
 17237 | Lair:4   | Reached skill level 8 in Fighting
 17268 | Lair:4   | Reached skill level 10 in Dodging
 17457 | Lair:4   | Found a staircase to the Slime Pits.
 17457 | Lair:4   | Found a viscous altar of Jiyva.
 17843 | Lair:4   | Gained mutation: You are hated by all. [Ru sacrifice]
 17843 | Lair:4   | Reached * piety under Ru
 17843 | Lair:4   | Reached ** piety under Ru
 18089 | Lair:4   | Noticed an ice dragon
 18115 | Lair:4   | Killed an ice dragon
 18230 | Lair:4   | You pick up a book of Armaments and begin reading...
 18230 | Lair:4   | You add the spells Stone Arrow and Lehudib's Crystal Spear
                  | to your library.
 18231 | Lair:4   | Identified the +0 lajatang of Kufuen {flame, +Blink rPois}
 18233 | Lair:4   | You pick up a book of Conjurations and begin reading...
 18233 | Lair:4   | You add the spells Magic Dart, Searing Ray and Fulminant
                  | Prism to your library.
 18486 | Lair:5   | Entered Level 5 of the Lair of Beasts
 18486 | Lair:5   | Found the +2 hat of the Bear Spirit {Spirit, Bear, *Rage
                  | Will++}
 18527 | Lair:5   | Reached skill level 9 in Fighting
 18537 | Lair:5   | Reached skill level 11 in Dodging
 18541 | Lair:5   | Reached XP level 14. HP: 108/108 MP: 25/25
 18749 | Lair:5   | Reached skill level 16 in Transmutations
 18753 | Lair:5   | Reached skill level 10 in Fighting
 18753 | Lair:5   | Reached skill level 12 in Dodging
 18904 | Lair:5   | Noticed a dire elephant
 18916 | Lair:5   | Killed a dire elephant
 18995 | Lair:5   | Identified the +1 rapier of Xom's Inspiration {drain,
                  | Contam rElec rF+++}
 19097 | Lair:5   | Reached skill level 14 in Unarmed Combat
 19579 | Lair:5   | You pick up a book of Armaments and begin reading...
 19756 | Lair:5   | You pick up a book of the Moon and begin reading...
 19756 | Lair:5   | You add the spells Passage of Golubria and Silence to your
                  | library.
 19860 | Lair:5   | Noticed a quicksilver ooze
 19861 | Lair:5   | Noticed an azure jelly
 19862 | Lair:5   | Noticed an acid blob
 19867 | Lair:5   | Killed a quicksilver ooze
 19869 | Lair:5   | Noticed a quicksilver ooze
 19870 | Lair:5   | Killed an azure jelly
 19878 | Lair:5   | Killed an acid blob
 19878 | Lair:5   | Paralysed by a great orb of eyes for 5 turns
 19879 | Lair:5   | Reached skill level 13 in Dodging
 19881 | Lair:5   | HP: 41/166 [quicksilver ooze (4)]
 19882 | Lair:5   | HP: 15/166 [quicksilver ooze (7)]
 19882 | Lair:5   | HP: 2/166 [quicksilver ooze (9)]
 19882 | Lair:5   | Mangled by a quicksilver ooze

Vanquished Creatures
  An acid blob (Lair:5)
  An azure jelly (Lair:5)
  A quicksilver ooze (Lair:5)
  A dire elephant (Lair:5)
  An ice dragon (Lair:4)
  A hydra (Lair:4)
  Erica (D:10)
  2 catoblepae
  2 two-headed ogres (D:11)
  A deep troll shaman (Lair:5)
  17 death yaks
  A skyshark (Lair:5)
  4 bog bodies
  Pikel (D:6)
  An orc knight (D:10)
  An ugly thing (D:11)
  2 cyclopes
  8 elephants
  2 molten gargoyles (D:11)
  A torpor snail (Lair:5)
  4 black mambas
  9 cane toads
  4 rime drakes
  6 komodo dragons
  4 polar bears
  5 trolls
  A hornet (D:10)
  9 dream sheep (Lair:5)
  Grinder (D:6)
  14 blink frogs
  3 slime creatures (D:9)
  3 wraiths
  41 yaks
  3 wyverns
  2 basilisks
  4 vampire mosquitoes
  Menkaure (D:6)
  2 steam dragons
  A swamp worm (Lair:3)
  An acid dragon (D:11)
  11 water moccasins
  A sky beast (D:8)
  2 ice beasts
  6 orc warriors
  3 black bears
  An ogre (D:5)
  12 wolves
  6 centaurs
  4 phantoms
  A lemure (D:6)
  A kobold brigand (D:9)
  7 bullfrogs
  2 gnoll sergeants
  2 scorpions (D:5)
  5 wights
  10 killer bees
  4 howler monkeys
  6 electric eels
  5 lava snakes (D:11)
  4 jellies
  8 orc priests
  4 hounds
  A gnoll bouda (D:6)
  4 iguanas
  A sleepcap (D:6)
  9 orc wizards
  Robin (D:3)
  13 gnolls
  8 adders
  2 white imps
  2 ufetubi
  A worm (D:2)
  38 orcs
  11 ball pythons
  9 endoplasms
  4 giant cockroaches
  19 goblins
  14 hobgoblins
  2 jackals (D:2)
  3 quokkas
  5 bats
  2 frilled lizards (D:1)
  20 kobolds
  6 rats
448 creatures vanquished.

Vanquished Creatures (others)
  14 fungi
  39 plants
53 creatures vanquished.

Grand Total: 501 creatures vanquished

Table legend:
 A = Non-vault XP
 B = Vault XP
 C = Vault XP percentage of total XP
 D = Non-vault monster count
 E = Vault monster count
 F = Vault count percentage of total count
                 A         B        C        D         E       F
            +---------+---------+-------+---------+---------+-------
      Total |   52775 |   24886 |  32.0 |     333 |     114 |  25.5
            +---------+---------+-------+---------+---------+-------
        D:1 |      34 |       0 |   0.0 |      23 |       0 |   0.0
        D:2 |     151 |       2 |   1.3 |      16 |       1 |   5.9
        D:3 |     134 |      32 |  19.3 |      19 |      10 |  34.5
        D:4 |     112 |       0 |   0.0 |      13 |       0 |   0.0
        D:5 |     683 |     142 |  17.2 |       9 |       2 |  18.2
        D:6 |    1227 |    1066 |  46.5 |      23 |      15 |  39.5
        D:7 |     933 |       0 |   0.0 |      12 |       0 |   0.0
        D:8 |    1038 |       0 |   0.0 |      23 |       0 |   0.0
        D:9 |    2117 |       0 |   0.0 |      34 |       0 |   0.0
       D:10 |    3058 |    2503 |  45.0 |      23 |      11 |  32.4
       D:11 |    5941 |    1136 |  16.1 |      23 |       7 |  23.3
     Lair:1 |    6263 |     945 |  13.1 |      21 |       5 |  19.2
     Lair:2 |    7601 |    1146 |  13.1 |      22 |       2 |   8.3
     Lair:3 |    3760 |    1569 |  29.4 |      18 |       4 |  18.2
     Lair:4 |    7940 |    2345 |  22.8 |      24 |       5 |  17.2
     Lair:5 |   11783 |   13640 |  53.7 |      30 |      23 |  43.4
     Bailey |       0 |     360 | 100.0 |       0 |      29 | 100.0
            +---------+---------+-------+---------+---------+-------

Skill      XL: |  1  2  3  4  5  6  7  8  9 10 11 12 13 14 |
---------------+-------------------------------------------+-----
Transmutations | 3 4 5 6 7 9 11 13 14 15 16 | 16.4
Poison Magic   | 1 2 |  2.0
Unarmed Combat | 4 5 6 8 10 11 12 13 14 | 14.2
Spellcasting   | 3 4 5 6 8 9 10 | 10.0
Ice Magic      | 1 3 4 6 |  6.0
Dodging        | 7 11 13 | 13.0
Fighting       | 6 9 10 | 10.9

Action                     |  1- 3 |  4- 6 |  7- 9 | 10-12 | 13-15 || total
---------------------------+-------+-------+-------+-------+-------++-------
  Melee: Unarmed           |    72 |   171 |   208 |   511 |   285 ||  1247
         Headbutt          |     8 |     4 |       |       |       ||    12
         Punch             |     1 |     1 |       |     6 |    20 ||    28
         Tailslap          |       |       |       |    15 |    48 ||    63
         Bite              |       |       |       |    13 |    30 ||    43
   Cast: Beastly Appendage |    15 |    17 |       |       |       ||    32
         Spider Form       |       |    23 |     7 |       |       ||    30
         Wereblood         |       |     2 |    10 |    19 |    22 ||    53
         Ice Form          |       |     3 |    30 |    34 |     2 ||    69
         Dragon Form       |       |       |       |    11 |    27 ||    38
         Blade Hands       |       |       |       |     1 |       ||     1
 Invoke: Sacrifice Essence |       |       |     1 |       |       ||     1
         Reject Sacrifices |       |       |       |     2 |       ||     2
         Sacrifice Love    |       |       |       |       |     1 ||     1
Ability: Breathe Fire      |       |       |       |     1 |     2 ||     3
         End Transformatio |       |       |       |     1 |       ||     1
    Use: Potion            |     1 |       |       |       |       ||     1
         Scroll            |       |     4 |     7 |    14 |     1 ||    26
   Stab: Sleeping          |     1 |     1 |       |       |     1 ||     3
         Petrified         |       |       |       |       |    18 ||    18
 Armour: Robe              |    18 |    24 |     2 |     6 |     2 ||    52
         Skin              |     7 |    18 |    45 |   198 |   143 ||   411
  Dodge: Dodged            |    46 |   150 |   124 |   443 |   248 ||  1011

Illustrated notes

Table legend:
 A = Kills in this place as a percentage of kills in the entire game.
 B = Kills by you in this place as a percentage of kills by you in the entire game.
 C = Kills by friends in this place as a percentage of kills by friends in the entire game.
 D = Other kills in this place as a percentage of other kills in the entire game.
 E = Experience gained in this place as a percentage of experience gained in the entire game.
 F = Experience gained in this place divided by the number of levels of this place that you have seen.
                   A       B       C       D       E      F
               +-------+-------+-------+-------+-------+----------------------
         Total | 100.0 | 100.0 |   N/A |   N/A | 100.0 | 4568.3
       Dungeon |  59.1 |  59.1 |   N/A |   N/A |  26.2 | 1846.3
          Lair |  34.5 |  34.5 |   N/A |   N/A |  73.4 | 11398.4
        Bailey |   6.5 |   6.5 |   N/A |   N/A |   0.5 | 360.0
               +-------+-------+-------+-------+-------+----------------------

Table legend: (Time is in decaauts)
 A = Elapsed time spent in this place.
 B = Non-inter-level travel time spent in this place.
 C = Inter-level travel time spent in this place.
 D = Time resting spent in this place.
 E = Time spent auto-exploring this place.
 F = Levels seen in this place.
 G = Mean time per level.
                   A        B        C        D        E       F      G
               +--------+--------+--------+--------+--------+-----+--------+
         Total |  19687 |  18690 |    997 |   1167 |  14098 |  17 | 1158.1 |
       Dungeon |  13176 |  12326 |    850 |    748 |   9217 |  11 | 1197.8 |
          Lair |   6071 |   5924 |    147 |    418 |   4655 |   5 | 1214.2 |
        Bailey |    439 |    439 |      0 |      0 |    226 |   1 |  439.0 |
               +--------+--------+--------+--------+--------+-----+--------+

Top non-repeatable levels by time:
     D:6: 1661 daAuts
  Lair:4: 1437 daAuts
     D:9: 1429 daAuts
    D:11: 1407 daAuts
  Lair:5: 1365 daAuts
  Lair:2: 1313 daAuts
    D:10: 1263 daAuts
     D:2: 1238 daAuts
     D:4: 1196 daAuts
     D:8: 1195 daAuts
  Lair:1: 1139 daAuts
     D:5: 1108 daAuts
     D:7: 939 daAuts
     D:3: 918 daAuts
     D:1: 817 daAuts
